Map: Polka LE

Players

Primoris

  • Race: Protoss Protoss
  • Spawn Location: 5:00

GaymezDean

  • Race: Terran Terran
  • Spawn Location: 5:00

qqq - Winner!

  • Race: Zerg Zerg
  • Spawn Location: 11:00

Massa - Winner!

  • Race: Terran Terran
  • League: Platinum
  • Spawn Location: 11:00

VOD

Have the link to the VOD?

Description

Time

  • Played on: Oct. 29, 2020, 3:59 p.m.
  • Length: 8:00
Show
View Real Time Build Order
Export as new Build Order

Primoris Protoss 

Build Orders:  

Get SALT Encoding   

  12  0:01  Probe  
  13  0:21  Pylon  
  13  0:27  Probe (Chrono Boost)  
  15  0:36  Probe (Chrono Boost)  
  15  0:41  Probe (Chrono Boost)  
  15  0:44  Gateway  
  16  0:53  Probe (Chrono Boost)  
  17  0:59  Pylon  
  17  1:04  Assimilator  
  17  1:05  Probe (Chrono Boost)  
  18  1:14  Probe (Chrono Boost)  
  19  1:19  Probe, Assimilator  
  20  1:31  Probe  
  20  1:37  Cybernetics Core  
  20  1:43  Probe  
  21  1:49  Pylon  
  21  1:55  Probe  
  22  2:14  Twilight Council  
  22  2:18  Robotics Facility  
  22  2:21  Warp Gate (Chrono Boost)  
  22  2:34  Gateway  
  22  2:42  Gateway  
  22  2:47  Charge (Chrono Boost)  
  22  2:50  Gateway  
  22  3:07  Warp Prism  
  24  3:31  Forge  
  24  3:33  Zealot  
  24  3:34  Zealot  
  28  3:44  Zealot  
  28  3:45  Zealot  
  8  5:11  Pylon  
  8  5:12  Pylon  
  7  5:34  Zealot x2  
  7  5:35  Zealot  
  9  6:27  Pylon x2  
  7  6:45  Zealot  
  7  6:46  Zealot  
  9  7:27  Zealot  
Show
View Real Time Build Order
Export as new Build Order

GaymezDean Terran 

Build Orders:  

Get SALT Encoding   

  12  0:00  SCV  
  13  0:19  Supply Depot  
  13  0:20  SCV  
  14  0:39  Refinery  
  14  0:43  Barracks  
  14  0:45  SCV  
  15  0:52  Refinery  
  15  0:58  SCV  
  16  1:10  SCV  
  17  1:25  SCV  
  18  1:32  Factory  
  18  1:34  Marine  
  18  1:38  SCV  
  20  1:50  SCV  
  21  2:02  Orbital Command  
  23  2:28  Supply Depot  
  22  2:31  Factory Tech Lab  
  21  2:37  Starport  
  21  2:38  SCV  
  22  2:50  SCV  
  23  2:53  Supply Depot  
  23  2:58  Marine  
  23  3:02  SCV  
  25  3:15  Fusion Core  
  25  3:16  Medivac  
  25  3:19  SCV  
  28  3:20  Marine  
  29  3:34  SCV  
  30  3:41  Supply Depot  
  30  3:57  SCV  
  30  4:02  Battlecruiser  
  37  4:24  SCV  
  38  4:36  SCV  
  39  4:45  Supply Depot  
  39  4:55  Hellion  
  41  5:02  Marine  
  41  5:04  SCV  
  49  5:07  Battlecruiser  
  43  6:11  Battlecruiser  
Show
View Real Time Build Order
Export as new Build Order

qqq Zerg - Winner!

Build Orders: Hatch First 

Get SALT Encoding   

  12  0:04  Drone  
  13  0:08  Drone  
  14  0:37  Hatchery  
  14  0:41  Drone  
  14  0:59  Spawning Pool  
  14  1:03  Overlord  
  13  1:08  Drone  
  14  1:18  Extractor, Drone  
  14  1:37  Drone x3  
  17  1:45  Queen  
  19  2:11  Drone x3  
  22  2:26  Drone, Queen  
  22  2:29  Metabolic Boost  
  24  2:31  Drone x2  
  24  2:33  Drone  
  27  2:40  Overlord  
  27  2:43  Zergling x2  
  28  2:58  Overlord  
  28  2:59  Drone  
  28  3:00  Drone  
  28  3:01  Zergling x2  
  28  3:03  Zergling x2  
  28  3:04  Zergling x2  
  33  3:06  Drone  
  34  3:13  Drone, Evolution Chamber  
  34  3:16  Drone  
  34  3:18  Zergling x2  
  36  3:29  Zergling x2  
  36  3:31  Drone  
  38  3:40  Zergling x2  
  39  3:42  Drone  
  39  3:44  Zergling x2  
  39  3:46  Hatchery  
  40  3:49  Overlord  
  40  3:51  Zergling x2  
  41  4:06  Zergling x2  
  41  4:07  Drone x2  
  41  4:08  Drone x2  
  45  4:26  Zergling x4  
  45  4:27  Drone x2  
  45  4:30  Lair  
  49  4:33  Zerg Melee Weapons Level 1  
  48  5:03  Zergling x10  
  48  5:04  Drone x6  
  54  5:13  Zergling x2  
  54  5:14  Drone  
  54  5:15  Drone  
  55  5:29  Spore Crawler  
  55  5:30  Spore Crawler  
  55  5:32  Extractor  
  55  5:33  Extractor  
  50  5:39  Drone x2  
  50  5:41  Spore Crawler  
  49  5:45  Spore Crawler  
  49  5:46  Drone x3  
  49  5:48  Spore Crawler  
  50  6:03  Zergling x2  
  50  6:04  Drone, Zergling x4  
  53  6:05  Drone x4  
  58  6:11  Overlord x3  
  58  6:12  Overlord x2  
  58  6:18  Drone, Spire  
  58  6:32  Drone x2  
  60  6:33  Queen  
  60  6:35  Hatchery  
  60  6:36  Drone  
  60  6:37  Drone x2  
  60  6:39  Drone  
  64  6:43  Spore Crawler  
  64  6:47  Spore Crawler  
  62  6:48  Hatchery  
  62  6:50  Drone x3  
  62  6:51  Zergling x2  
  62  6:53  Hatchery  
  64  6:55  Hatchery  
  61  7:12  Drone x4  
  61  7:13  Drone x2  
  67  7:18  Spore Crawler  
  67  7:20  Spore Crawler  
  63  7:24  Spore Crawler x2  
  63  7:25  Zergling x14  
  63  7:26  Drone, Zergling x2  
Show
View Real Time Build Order
Export as new Build Order

Massa Terran - Winner!

Build Orders:  

Get SALT Encoding   

  12  0:00  SCV  
  13  0:12  SCV  
  14  0:24  SCV, Supply Depot  
  15  0:33  Refinery  
  15  0:46  SCV  
  15  0:48  Barracks  
  16  0:58  SCV  
  17  1:10  SCV  
  18  1:23  Supply Depot  
  18  1:26  SCV  
  19  1:37  Refinery, Reaper  
  19  1:38  SCV  
  21  1:41  Supply Depot  
  21  1:53  Orbital Command  
  21  1:59  Factory  
  21  2:09  Marine  
  22  2:24  SCV  
  23  2:40  Command Center  
  23  2:41  Barracks Reactor  
  23  3:02  SCV  
  23  3:04  Hellion  
  26  3:14  SCV  
  26  3:18  Marine x2  
  29  3:25  Hellion  
  29  3:26  SCV  
  32  3:35  Engineering Bay  
  32  3:36  Marine x2  
  32  3:38  SCV  
  32  3:39  Starport  
  35  3:46  Hellion  
  37  3:50  SCV, Barracks  
  37  3:54  Marine x2  
  40  4:06  Orbital Command  
  40  4:08  Widow Mine  
  42  4:11  Marine  
  39  4:37  Widow Mine  
  39  4:47  SCV x2  
  41  4:53  Marine x2  
  41  4:59  Widow Mine, SCV x2  
  47  5:01  Liberator  
  47  5:07  Terran Infantry Weapons Level 1  
  50  5:09  Missile Turret  
  50  5:11  SCV x2, Marine x2  
  50  5:12  Factory  
  50  5:13  Barracks Tech Lab  
  54  5:31  SCV  
  52  5:39  Marine  
  52  5:40  Marine x2  
  48  5:57  Marine, Missile Turret x2  
  48  5:58  Marine x2  
  48  5:59  Missile Turret  
  48  6:03  Factory Tech Lab  
  47  6:15  Marine x3  
  47  6:16  Stimpack  
  38  6:33  Marine x3  
  38  6:37  Cyclone  
  42  6:50  Marine  
  42  6:51  Orbital Command, Marine x2  
  29  7:08  Marine  
  29  7:09  Cyclone, Marine x2  
  35  7:26  Marine  
  35  7:27  Marine x2  
Tags
 
Add a new tag
Caveats
  • Supply blocks, unpowered buildings, or Contaminate may cause inaccurate times.
  • Supply counts are checked every 10 seconds.